Map: Frozen Temple

Players

Miszu - Winner!

  • Race: Terran Terran
  • League: Master

llllllllllll

  • Race: Protoss Protoss
  • League: Master

VOD

Have the link to the VOD?

Description

Time

  • Played on: June 25, 2016, 12:24 p.m.
  • Length: 9:17
Show
View Real Time Build Order
Export as new Build Order

Miszu Terran - Winner!

Build Orders: Reaper Expand, MMM Bio 

Get SALT Encoding   

  12  0:06  SCV  
  13  0:18  SCV  
  14  0:22  Supply Depot  
  14  0:30  SCV  
  15  0:44  Barracks, SCV  
  15  0:47  Refinery  
  16  0:56  SCV  
  17  1:08  SCV  
  18  1:20  SCV  
  19  1:37  Reaper, Orbital Command  
  20  1:50  Command Center  
  20  2:01  Supply Depot  
  20  2:03  SCV  
  21  2:10  Barracks Reactor  
  22  2:15  SCV  
  22  2:24  Factory  
  22  2:27  SCV  
  22  2:28  Refinery  
  23  2:39  SCV  
  24  2:47  Marine x2  
  26  2:52  SCV  
  27  3:02  Orbital Command  
  27  3:04  SCV  
  27  3:05  Marine x2  
  29  3:09  Widow Mine  
  29  3:11  Starport  
  32  3:16  SCV  
  33  3:23  Marine x2  
  35  3:28  SCV x2  
  37  3:38  Widow Mine  
  37  3:40  Marine, SCV x2  
  37  3:41  Marine  
  43  3:46  Supply Depot  
  43  3:48  Medivac  
  43  3:52  SCV  
  46  4:01  Liberator  
  46  4:07  Marine x2, SCV x2  
  46  4:09  Factory Tech Lab  
  50  4:11  Command Center  
  50  4:12  Supply Depot  
  50  4:19  SCV  
  54  4:34  Marine x2, Siege Tank, SCV x2  
  54  4:35  Supply Depot  
  61  4:46  SCV  
  61  4:49  Barracks  
  61  4:52  Barracks  
  62  4:57  Marine x2, SCV  
  62  4:58  SCV  
  66  5:09  SCV  
  66  5:10  SCV  
  66  5:11  Starport Reactor  
  68  5:14  Supply Depot  
  68  5:16  Refinery  
  68  5:18  Refinery  
  68  5:21  SCV  
  68  5:22  Siege Tank, SCV  
  72  5:31  Marine  
  72  5:32  Marine  
  72  5:34  Orbital Command  
  72  5:35  SCV x2  
  73  5:39  Barracks Tech Lab x2  
  73  5:42  Barracks  
  69  5:46  Barracks  
  69  5:47  SCV  
  69  5:49  Marine  
  71  5:50  Marine  
  71  5:51  Medivac x2  
  76  5:58  SCV  
  76  5:59  Marine, SCV  
  76  6:00  Stimpack  
  76  6:01  SCV  
  80  6:05  Supply Depot  
  79  6:12  Engineering Bay  
  79  6:13  Engineering Bay, Marine x2  
  81  6:21  Orbital Command  
  81  6:23  Marine x2  
  81  6:24  Supply Depot, Combat Shields  
  83  6:28  SCV x2  
  83  6:29  Supply Depot  
  83  6:30  Marine  
  86  6:33  Barracks Reactor x2  
  86  6:38  Terran Infantry Weapons Level 1, Terran Infantry Armor Level 1  
  86  6:39  Medivac  
  88  6:40  SCV  
  88  6:45  SCV  
  88  6:46  SCV  
  91  6:50  Marine x2, Marauder  
  91  6:52  SCV  
  96  6:57  Supply Depot, SCV  
  96  6:58  Supply Depot, SCV  
  98  7:04  SCV  
  99  7:08  Missile Turret  
  99  7:12  Marauder, Missile Turret  
  99  7:13  Marauder  
  99  7:15  Marine x3  
  104  7:16  Armory  
  104  7:17  Marine  
  104  7:18  Marine  
  104  7:20  Liberator  
  104  7:21  SCV x2  
  110  7:23  Liberator  
  110  7:24  Marine  
  111  7:30  SCV  
  111  7:33  Marine x3, SCV  
  111  7:35  Supply Depot x2  
  117  7:43  Marauder  
  126  7:44  Marauder  
  126  7:46  Concussive Shells  
  126  7:57  Barracks  
  126  7:58  Marine, Barracks  
  126  7:59  Marine x2  
  126  8:00  Barracks  
  126  8:05  Marine x3, Marauder x2  
  134  8:11  Supply Depot  
  134  8:12  Supply Depot  
  136  8:13  Supply Depot  
  136  8:20  Medivac  
  136  8:23  Medivac  
  136  8:25  Factory Reactor  
  136  8:26  Marauder  
  136  8:27  Marine x3, Marauder  
  144  8:28  Marine x2  
  144  8:32  Marine  
  150  8:44  Marine  
  150  8:45  Marine x3  
  150  8:47  Marauder  
  158  8:48  Marauder  
  158  8:51  Marine x4  
  158  8:52  Barracks Tech Lab  
Show
View Real Time Build Order
Export as new Build Order

llllllllllll Protoss 

Build Orders: 1 Gate Expand 

Get SALT Encoding   

  12  0:01  Probe (Chrono Boost)  
  13  0:11  Probe (Chrono Boost)  
  14  0:19  Pylon  
  14  0:22  Probe (Chrono Boost)  
  15  0:37  Probe (Chrono Boost)  
  15  0:39  Gateway  
  16  0:47  Probe (Chrono Boost)  
  17  0:54  Assimilator  
  17  0:58  Probe (Chrono Boost), Assimilator  
  18  1:08  Probe (Chrono Boost)  
  19  1:19  Probe (Chrono Boost)  
  20  1:30  Nexus  
  20  1:33  Probe (Chrono Boost)  
  21  1:42  Cybernetics Core  
  21  1:46  Probe (Chrono Boost)  
  22  1:56  Probe (Chrono Boost)  
  22  1:57  Pylon  
  23  2:18  Warp Gate, Mothership Core (Chrono Boost)  
  23  2:19  Adept  
  27  2:27  Pylon  
  27  2:36  Probe (Chrono Boost)  
  28  2:44  Probe (Chrono Boost)  
  29  2:52  Probe (Chrono Boost)  
  29  2:55  Probe (Chrono Boost)  
  29  2:57  Pylon  
  31  3:01  Robotics Facility  
  31  3:04  Pylon, Probe (Chrono Boost)  
  32  3:07  Probe (Chrono Boost)  
  33  3:14  Probe (Chrono Boost)  
  33  3:17  Probe (Chrono Boost)  
  34  3:25  Probe (Chrono Boost)  
  34  3:26  Gateway  
  35  3:28  Probe (Chrono Boost)  
  36  3:34  Gateway  
  36  3:36  Probe (Chrono Boost)  
  36  3:38  Probe (Chrono Boost)  
  38  3:47  Probe (Chrono Boost)  
  38  3:48  Probe (Chrono Boost)  
  39  3:49  Observer (Chrono Boost), Pylon  
  41  3:58  Probe x2  
  43  4:09  Forge  
  43  4:11  Immortal (Chrono Boost), Probe x2  
  49  4:22  Probe  
  49  4:23  Probe  
  51  4:25  Adept x2  
  55  4:32  Probe  
  55  4:35  Probe  
  55  4:38  Assimilator  
  55  4:39  Adept  
  55  4:40  Assimilator  
  55  4:42  Protoss Ground Weapons Level 1  
  55  4:45  Probe  
  62  4:53  Probe  
  59  5:08  Observer (Chrono Boost)  
  59  5:11  Stalker x3  
  62  5:18  Probe  
  63  5:24  Probe  
  61  5:30  Probe  
  61  5:33  Immortal (Chrono Boost)  
  61  5:35  Probe  
  67  5:42  Probe  
  67  5:45  Probe  
  68  5:52  Twilight Council  
  68  5:54  Probe  
  68  5:56  Forge, Probe  
  69  5:59  Pylon  
  69  6:13  Nexus  
  69  6:14  Probe  
  69  6:15  Probe  
  69  6:20  Immortal (Chrono Boost)  
  73  6:25  Sentry  
  73  6:26  Sentry, Stalker, Probe  
  73  6:27  Probe  
  73  6:31  Protoss Ground Armor Level 1 (Chrono Boost)  
  73  6:32  Pylon  
  81  6:37  Probe  
  81  6:39  Probe  
  83  6:45  Protoss Ground Weapons Level 2 (Chrono Boost)  
  83  6:49  Charge (Chrono Boost), Probe  
  84  6:56  Probe  
  84  6:57  Assimilator  
  84  6:59  Probe, Assimilator  
  86  7:04  Photon Cannon  
  86  7:08  Probe, Photon Cannon  
  86  7:12  Probe  
  88  7:18  Immortal (Chrono Boost)  
  88  7:22  Probe  
  92  7:24  Probe  
  93  7:33  Templar Archives  
  93  7:41  Gateway  
  93  7:42  Gateway  
  93  7:47  Gateway  
  93  7:48  Gateway  
  93  7:50  Observer, Probe  
  94  7:51  Probe x2  
  97  8:02  Probe  
  97  8:03  Gateway, Probe  
  97  8:05  Colossus  
  99  8:06  Probe  
  99  8:07  Gateway  
  99  8:09  High Templar, Pylon  
  99  8:10  High Templar, Zealot  
  99  8:11  Observer  
  106  8:14  Probe  
  106  8:17  Archon  
  106  8:19  Probe  
  109  8:22  Pylon  
  109  8:24  Pylon  
  109  8:27  Probe x2  
  111  8:41  High Templar x3  
  112  8:47  Archon  
  113  8:48  High Templar  
  113  8:49  Zealot  
  113  8:58  Archon  
Tags
 
Add a new tag
Caveats
  • Supply blocks, unpowered buildings, or Contaminate may cause inaccurate times.
  • Supply counts are checked every 10 seconds.